Map: Ley Lines

Players

Kryptonian

  • Race: Protoss Protoss
  • League: Platinum
  • Spawn Location: 7:00

SubN - Winner!

  • Race: Zerg Zerg
  • League: Diamond
  • Spawn Location: 1:00

VOD

Have the link to the VOD?

Description

Time

  • Played on: July 31, 2025, 5:04 p.m.
  • Length: 23:42
Show
View Real Time Build Order
Export as new Build Order

Kryptonian Protoss 

Build Orders: 1 Gate Expand, Oracle Opening 

Get SALT Encoding   

  12  0:00  Probe  
  13  0:14  Probe  
  13  0:19  Pylon  
  14  0:26  Probe  
  15  0:37  Gateway, Probe  
  16  0:45  Probe  
  17  0:50  Assimilator  
  17  0:55  Probe  
  18  1:07  Probe  
  19  1:19  Probe  
  20  1:32  Nexus  
  20  1:35  Probe  
  21  1:47  Cybernetics Core  
  21  1:53  Assimilator  
  21  1:57  Pylon  
  21  2:03  Probe  
  22  2:11  Probe  
  22  2:19  Probe  
  23  2:25  Stargate  
  23  2:28  Zealot  
  24  2:32  Probe  
  24  2:34  Warp Gate  
  27  2:43  Gateway  
  27  2:46  Probe  
  27  2:49  Zealot  
  30  3:12  Oracle  
  30  3:20  Probe x2  
  35  3:32  Probe  
  35  3:33  Probe  
  37  3:42  Stalker  
  37  3:44  Probe  
  37  3:45  Probe  
  41  3:50  Nexus  
  41  3:52  Pylon  
  41  4:13  Shield Battery  
  41  4:16  Probe x2  
  43  4:18  Oracle  
  43  4:22  Twilight Council  
  46  4:24  Forge  
  46  4:28  Probe x2  
  48  4:38  Charge  
  48  4:39  Protoss Ground Weapons Level 1, Stalker  
  48  4:40  Probe x2  
  52  4:53  Pylon, Probe  
  53  5:10  Probe  
  53  5:12  Probe x2  
  56  5:18  Probe  
  56  5:24  Gateway, Probe x2  
  56  5:25  Gateway  
  56  5:28  Gateway  
  59  5:29  Gateway x2  
  59  5:30  Gateway  
  59  5:35  Gateway  
  59  5:56  Zealot x2  
  63  5:58  Probe x3  
  66  6:10  Probe x3  
  69  6:21  Pylon  
  69  6:22  Probe x2  
  69  6:23  Probe  
  72  6:25  Pylon  
  72  6:34  Probe  
  72  6:35  Zealot x2  
  77  6:45  Probe x2  
  77  6:46  Probe  
  80  6:51  Assimilator  
  80  6:56  Assimilator  
  80  6:59  Pylon x2  
  80  7:02  Zealot x6  
  80  7:05  Pylon  
  92  7:18  Zealot  
  92  7:19  Zealot x2  
  98  7:28  Zealot x5  
  98  7:29  Zealot  
  110  7:40  Probe x3  
  113  7:52  Probe x3  
  113  7:56  Assimilator  
  110  8:00  Pylon  
  110  8:01  Pylon x2  
  110  8:04  Probe  
  91  8:06  Templar Archives  
  91  8:09  Robotics Facility  
  91  8:10  Zealot x4  
  91  8:11  Zealot x5  
  93  8:21  Gateway  
  93  8:28  Photon Cannon  
  93  8:29  Photon Cannon  
  93  8:31  Photon Cannon  
  93  8:32  Photon Cannon  
  93  8:34  Photon Cannon  
  93  8:35  Photon Cannon  
  93  8:36  Photon Cannon  
  93  8:38  Shield Battery  
  93  8:40  Shield Battery  
  93  8:43  Shield Battery  
  93  8:45  Shield Battery  
  93  8:48  Assimilator  
  93  8:50  Protoss Ground Weapons Level 2  
  93  8:51  Zealot  
  93  8:52  Zealot x8  
  111  8:59  Probe x2  
  103  9:17  Zealot x4  
  103  9:18  Zealot x5  
  121  9:36  High Templar  
  121  9:37  High Templar  
  125  9:38  High Templar x2  
  125  9:39  High Templar x5  
  125  9:40  High Templar  
  125  9:43  Nexus  
  125  9:44  Pylon, Archon x4  
  141  9:46  Pylon  
  141  9:48  Pylon  
  141  9:51  Pylon  
  141  9:57  Forge  
  141  10:02  Probe x3  
  144  10:14  Probe x3  
  144  10:17  Photon Cannon  
  144  10:18  Photon Cannon  
  147  10:23  Shield Battery  
  147  10:25  High Templar x5  
  147  10:26  High Templar x3  
  147  10:28  Protoss Ground Armor Level 1  
  163  10:29  Archon x2  
  163  10:30  Archon x2  
  163  10:31  Archon  
  163  10:40  Observer  
  146  10:59  Zealot x2  
  146  11:00  Zealot x5  
  146  11:01  Zealot  
  136  11:09  Observer  
  107  11:23  Observer  
  107  11:24  Zealot x6  
  107  11:25  Zealot x4  
  120  11:44  Zealot x3  
  120  11:45  Zealot x7  
  96  12:14  High Templar x10  
  115  12:18  Archon x4  
  115  12:19  Protoss Ground Weapons Level 3, Archon  
  115  12:21  Protoss Ground Armor Level 2  
  103  12:25  Photon Cannon  
  103  12:26  Photon Cannon  
  103  12:28  Photon Cannon  
  94  12:31  Photon Cannon  
  94  12:32  Photon Cannon  
  94  12:36  Photon Cannon  
  93  12:38  Shield Battery  
  93  12:39  Shield Battery  
  93  12:41  Probe, Shield Battery  
  93  12:42  Psionic Storm, Probe x3  
  93  12:43  Shield Battery  
  97  12:48  Shield Battery  
  97  12:49  Shield Battery  
  97  12:52  Observer  
  97  12:53  Zealot x6  
  97  12:54  Zealot x4  
  118  13:05  Observer  
  118  13:12  Probe x4  
  123  13:19  Zealot  
  125  13:20  Zealot x9  
  143  13:41  Dark Shrine  
  143  13:46  High Templar x4  
  151  13:50  Zealot x6  
  101  14:26  Stargate  
  101  14:31  Fleet Beacon, Zealot x9  
  107  14:32  Zealot  
  87  14:51  Zealot x5  
  87  14:52  Zealot x5  
  107  14:59  Observer  
  98  15:13  High Templar  
  98  15:14  High Templar x5  
  96  15:17  Observer  
  99  15:28  Tempest  
  99  15:29  Assimilator  
  99  15:35  Assimilator  
  103  15:49  Protoss Ground Armor Level 3, Zealot x9  
  121  15:50  Zealot  
  123  15:59  Protoss Shields Level 1  
  123  16:03  Tempest  
  123  16:06  Tempest  
  131  16:39  Tempest  
  135  16:51  Zealot x5  
  135  16:52  Zealot x5  
  155  17:20  Observer  
  108  17:34  Zealot x3  
  108  17:35  Zealot x7  
  115  17:42  Tempest x2  
  105  18:02  Zealot x10  
  125  18:11  Unknown  
  125  18:23  High Templar  
  125  18:24  High Templar x8  
  143  18:28  Archon  
  143  18:31  Archon  
  143  18:35  Archon  
  143  18:47  Zealot  
  145  18:56  Protoss Air Weapons Level 1  
  145  19:09  Pylon  
  145  19:11  Pylon  
  145  19:14  Pylon x2  
  145  19:17  Pylon  
  145  19:22  Nexus  
  145  19:23  Pylon  
  145  19:25  Pylon  
  145  19:28  Pylon  
  145  19:30  Pylon  
  145  19:32  Dark Templar  
  145  19:33  Pylon, Dark Templar x2  
  145  19:34  Dark Templar  
  95  20:00  Zealot x6  
  107  20:11  High Templar x3  
  107  20:12  High Templar  
  115  20:20  Zealot  
  115  20:21  Zealot x5  
  123  20:28  Observer  
  128  20:46  Observer  
  128  20:47  High Templar x5  
  139  20:51  Zealot x5  
  149  21:04  Observer  
  95  21:29  Observer  
  95  21:32  Zealot x8  
  110  21:47  Observer  
  111  22:05  Observer  
  111  22:07  Nexus  
  78  22:23  Observer  
  78  22:25  Zealot x2  
  78  22:28  High Templar  
  78  22:29  High Templar  
Show
View Real Time Build Order
Export as new Build Order

SubN Zerg - Winner!

Build Orders: Hatch First, Lurkers 

Get SALT Encoding   

  12  0:00  Drone  
  13  0:12  Overlord  
  13  0:20  Drone  
  14  0:31  Drone x2  
  16  0:47  Hatchery  
  15  0:51  Drone  
  15  0:54  Drone  
  17  0:57  Drone  
  18  1:06  Extractor  
  17  1:14  Spawning Pool  
  16  1:23  Drone x2  
  18  1:33  Drone  
  20  1:40  Drone  
  20  1:49  Drone  
  21  2:02  Queen x2  
  21  2:03  Zergling x2  
  21  2:04  Zergling x2  
  27  2:13  Drone  
  27  2:15  Overlord  
  28  2:23  Metabolic Boost  
  28  2:36  Drone x4  
  32  2:45  Hatchery  
  31  2:52  Queen  
  33  3:10  Drone x3  
  33  3:11  Overlord x2  
  36  3:30  Drone x6  
  36  3:31  Roach Warren  
  36  3:32  Drone  
  42  3:38  Lair  
  42  3:45  Overlord  
  42  3:47  Overlord  
  42  3:59  Drone x5  
  42  4:00  Drone  
  48  4:10  Spore Crawler  
  48  4:12  Spore Crawler  
  48  4:14  Spore Crawler  
  48  4:15  Drone  
  46  4:17  Drone  
  46  4:21  Queen  
  46  4:22  Queen  
  51  4:32  Drone x6  
  57  4:38  Glial Reconstitution  
  57  4:51  Overlord  
  57  4:53  Zergling x18  
  66  5:01  Drone  
  67  5:08  Overseer  
  67  5:11  Overseer  
  67  5:18  Zergling x2  
  67  5:20  Drone x4  
  67  5:21  Drone  
  73  5:24  Drone x2  
  73  5:27  Overlord x2, Extractor  
  74  5:28  Extractor  
  74  5:31  Drone x3  
  74  5:33  Drone  
  77  5:36  Drone x2  
  79  5:44  Overlord  
  79  5:47  Drone  
  80  5:51  Hydralisk Den  
  80  5:53  Roach  
  80  5:54  Roach x4  
  89  5:57  Zergling x6  
  89  5:58  Zergling x6  
  94  6:19  Overlord x4  
  81  6:43  Hydralisk x8, Hatchery  
  96  6:49  Drone  
  96  6:50  Drone  
  96  6:52  Drone x3  
  101  6:54  Extractor  
  101  6:56  Muscular Augments  
  101  7:00  Drone x2, Extractor  
  101  7:01  Drone  
  101  7:02  Drone, Extractor  
  102  7:09  Drone x3  
  105  7:21  Hydralisk x4  
  113  7:25  Zergling x2  
  113  7:26  Zergling x8  
  113  7:29  Drone  
  119  7:33  Drone  
  119  7:34  Drone  
  121  7:38  Overlord x3  
  121  7:39  Evolution Chamber  
  121  7:40  Overseer, Evolution Chamber  
  119  7:47  Hydralisk  
  119  7:50  Overlord  
  96  8:10  Hydralisk  
  96  8:11  Hydralisk x8  
  110  8:14  Queen  
  110  8:15  Overlord x3  
  112  8:25  Grooved Spines  
  112  8:27  Zerg Ground Armor Level 1, Zerg Missile Weapons Level 1  
  112  8:28  Hydralisk  
  112  8:31  Zergling x10  
  112  8:32  Zergling x6  
  122  8:38  Extractor  
  121  8:42  Extractor, Queen  
  122  8:49  Drone x3  
  122  8:53  Drone x7  
  112  9:21  Drone  
  112  9:22  Lurker Den  
  112  9:25  Infestation Pit  
  112  9:26  Drone x5  
  112  9:27  Drone  
  112  9:29  Drone  
  118  9:31  Hydralisk  
  118  9:32  Hydralisk x7  
  134  9:39  Overlord x3  
  134  9:41  Zergling x2  
  134  9:42  Zergling x12  
  141  9:53  Zergling x6  
  141  9:54  Zergling x4  
  146  10:12  Hydralisk  
  146  10:13  Hydralisk x3  
  154  10:24  Lurker x3  
  154  10:25  Lurker x4  
  154  10:26  Lurker  
  154  10:27  Lurker  
  154  10:28  Lurker, Hydralisk  
  164  10:29  Hydralisk x12  
  164  10:33  Zergling x6  
  193  10:37  Hive  
  193  10:42  Zerg Missile Weapons Level 2  
  122  11:23  Overseer x2  
  122  11:24  Overseer  
  113  11:33  Hydralisk  
  113  11:34  Hydralisk x10  
  117  11:41  Overlord  
  117  11:42  Overlord x3  
  104  12:05  Lurker x6  
  104  12:08  Hydralisk x4  
  107  12:09  Hydralisk x4  
  121  12:28  Drone x3  
  121  12:29  Drone x3  
  125  12:35  Adaptive Talons  
  125  12:37  Hatchery  
  124  13:05  Drone x9  
  133  13:30  Lurker  
  133  13:31  Lurker x4  
  133  13:32  Seismic Spines  
  133  13:33  Hydralisk  
  140  13:34  Hydralisk x5  
  140  13:37  Zerg Missile Weapons Level 3  
  140  13:40  Zerg Ground Armor Level 2  
  150  13:53  Hatchery  
  149  13:55  Hydralisk  
  149  13:56  Hydralisk x5  
  147  14:14  Unknown  
  147  14:16  Hydralisk  
  147  14:17  Hydralisk x8  
  120  15:01  Hydralisk  
  120  15:02  Hydralisk x14  
  144  15:21  Drone x2  
  144  15:22  Drone x6  
  152  15:29  Hydralisk  
  152  15:30  Hydralisk x3  
  152  15:32  Lurker  
  152  15:33  Lurker x6  
  167  15:47  Hatchery  
  166  15:50  Extractor  
  166  15:56  Hatchery  
  164  15:57  Extractor  
  164  16:02  Lurker x2  
  164  16:03  Lurker x2, Hydralisk  
  164  16:04  Hydralisk x4  
  169  16:08  Overseer  
  169  16:10  Overseer  
  177  16:13  Overseer  
  177  16:41  Overseer x2  
  177  16:55  Zerg Ground Armor Level 3  
  124  17:49  Viper x2  
  124  17:50  Viper x3  
  124  17:54  Hydralisk x5  
  124  17:55  Hydralisk x7  
  124  17:58  Queen  
  148  18:00  Drone x3  
  148  18:01  Drone  
  148  18:02  Drone x2  
  156  18:08  Queen  
  156  18:12  Drone x2, Unknown  
  159  18:13  Drone, Queen  
  162  18:27  Hydralisk  
  162  18:28  Hydralisk x10  
  162  18:32  Lurker  
  162  18:33  Lurker  
  186  18:35  Extractor  
  186  18:36  Extractor  
  184  18:46  Overseer  
  184  18:48  Spine Crawler x2  
  182  18:49  Spine Crawler  
  182  18:50  Spine Crawler, Spore Crawler  
  182  18:54  Hatchery  
  178  19:05  Drone x2  
  178  19:06  Drone x3  
  178  19:07  Hydralisk  
  178  19:08  Hydralisk x7  
  174  20:02  Hydralisk x6  
  186  20:10  Lurker x4  
  186  20:11  Overlord x5  
  186  20:12  Overlord  
  190  20:14  Overseer  
  190  20:16  Overseer x3  
  190  20:18  Pneumatized Carapace  
  188  20:42  Extractor x2  
  182  20:45  Viper  
  182  20:48  Hydralisk  
  182  20:49  Hydralisk x2  
  187  20:52  Hydralisk x3  
  187  20:53  Hydralisk x3  
  158  21:30  Lurker x6  
  158  21:31  Hydralisk x3  
  158  21:32  Hydralisk x15  
  200  22:05  Spine Crawler  
  179  22:24  Viper  
  179  22:25  Viper x4  
Tags
 
Add a new tag
Caveats
  • Supply blocks, unpowered buildings, or Contaminate may cause inaccurate times.
  • Supply counts are checked every 10 seconds.